 Dungeon Sprint DCSS version 0.17.0-56-gd8de76c (webtiles) character file.

128 kosy22 the Summoner (level 4, -5/25 HPs)
             Began as a Deep Elf Summoner on Dec 6, 2015.
             Was a Believer of Sif Muna.
             Slain by a merfolk
             ... wielding a cursed -2 trident
              (22 damage)
             ... in the Dungeon (Sprint V: "Ziggurat Sprint").
             The game lasted 00:03:44 (293 turns).

kosy22 the Summoner (Deep Elf Summoner)              Turns: 293, Time: 00:03:45

Health: -5/25      AC:  2    Str:  5    XL:     4   Next: 87%
Magic:  7/14       EV:  7    Int: 33    God:    Sif Muna [**....]
Gold:   0          SH: 25    Dex: 15    Spells: 3 memorised, 10 levels left

rFire  . . .     SeeInvis .     I - staff of energy
rCold  . . .     Clarity  .     a - +0 robe
rNeg   + . .     SustAt   .     M - +18 shield of the gong {rElec rN+ MR+ EV-5}
rPois  .         Gourm    .     (no helmet)
rElec  +         Spirit   .     (no cloak)
rCorr  .         Warding  .     (no gloves)
rMut   .         NoTele   +     (no boots)
MR     +....                    (no amulet)
Stlth  +++.......               A - +6 ring of intelligence
                                B - +6 ring of intelligence

@: very slightly contaminated, somewhat resistant to hostile enchantments,
fairly stealthy
A: no striking features
a: Channel Energy, Forget Spell, Renounce Religion


You were in the Dungeon.
You worshipped Sif Muna.
Sif Muna was pleased with you.
You were completely stuffed.

You visited 1 branch

Inventory:

Hand Weapons
 K - the +6 Majin-Bo {vamp, Archmagi MP+6 Int+6}
   (You found it in the Dungeon)

   It inflicts no extra harm, but heals its wielder somewhat when it strikes a
   living foe.
   It affects your intelligence (+6).
   It affects your magic capacity (+6).
Armour
 a - a +0 robe (worn)
 M - the +18 shield of the gong (worn) {rElec rN+ MR+ EV-5}
   (You found it in the Dungeon)

   It affects your evasion (-5).
   It insulates you from electricity.
   It protects you from negative energy.
   It affects your resistance to hostile enchantments.
Magical Staves
 I - an uncursed staff of energy (weapon)
Jewellery
 y - a +6 ring of dexterity
 z - a +6 ring of dexterity
 A - a +6 ring of intelligence (right hand)
 B - a +6 ring of intelligence (left hand)
 C - a +6 ring of strength
 D - a +6 ring of strength
Wands
 E - a wand of disintegration (7)
 F - a wand of fire (5)
 G - a wand of cold (5)
 H - a wand of draining (5)
Scrolls
 i - 4 scrolls of blinking
 p - 4 scrolls of amnesia
 q - 3 scrolls of recharging
 r - 7 scrolls of fog
 s - a scroll of holy word
 t - 5 scrolls of identify
 u - 5 scrolls of remove curse
 v - 2 scrolls of fear
Potions
 d - 9 potions of curing
 e - 10 potions of heal wounds
 f - 6 potions of haste
 g - 7 potions of magic
 h - 3 potions of berserk rage
 j - 2 potions of brilliance
 k - 2 potions of invisibility
 l - 4 potions of resistance
 n - 5 potions of agility
 o - 5 potions of might
Books
 b - a book of Callings

   Spells                             Type                      Level
   a - Summon Small Mammal            Summoning                    1
   b - Call Imp                       Summoning                    2
   c - Call Canine Familiar           Summoning                    3
   d - Summon Guardian Golem          Hexes/Summoning              3
   e - Summon Lightning Spire         Summoning/Air                4
   f - Summon Ice Beast               Ice/Summoning                4
Miscellaneous
 J - a crystal ball of energy
Comestibles
 c - 4 bread rations
 w - 40 fruits
 x - 4 meat rations


   Skills:
 + Level 1.5 Fighting
 + Level 2.1 Staves
 + Level 2.2 Throwing
 + Level 1.5 Armour
 + Level 5.0 Dodging
 + Level 4.4 Stealth
 + Level 2.5 Shields
 + Level 1.5 Unarmed Combat
 + Level 6.5 Spellcasting
 + Level 8.4 Summonings
 + Level 2.3 Invocations
 + Level 2.5 Evocations


You had 10 spell levels left.
You knew the following spells:

 Your Spells              Type           Power        Failure   Level  Hunger
a - Summon Small Mammal   Summ           ####         1%          1    None
b - Call Imp              Summ           ######..     1%          2    None
c - Call Canine Familiar  Summ           ######..     1%          3    None


Dungeon Overview and Level Annotations

Branches:
Dungeon (1/1)

Altars:
Ashenzari
Cheibriados
Dithmenos
Elyvilon
Fedhas
Gozag
Kikubaaqudgha
Makhleb
Nemelex Xobeh
Okawaru
Qazlal
Ru
Sif Muna
Trog
Vehumet
Xom
Yredelemnul
Zin
The Shining One
Beogh
Jiyva
Lugonu


Message History

Your iron imp hits the merfolk.
You block its attack.
BOUMMMMG!
Your warg bites something.
The merfolk hits you but does no damage.
Something hits you!
Your iron imp hits the merfolk.
Your warg bites something.
Casting: Call Imp
Confirm with . or Enter, or press ? or * to list all spells.
You miscast Call Imp.
You are very lightly contaminated with residual magic.
Nothing appears to happen.
You block the merfolk's attack.
BONNNG!
Your warg closely misses something.
Something closely misses your warg.
Your iron imp hits the merfolk.
Casting: Call Imp
Confirm with . or Enter, or press ? or * to list all spells.
A beastly little devil appears in a puff of flame.
Your warg bites something!
The merfolk hits you from afar with an enchanted trident!!
Ouch! That really hurt!
You die...

▓▓▓▓▓▓▓▓▓▓▓▓▓
▓.8©8.▓.8©8.▓
▓.:...▓.....▓
▓.....▓.).".▓
▓..{.5▓.....▓
▓.5)h@▓.....▓
▓..m..▓.....▓
▓..(..▓▓▓▓▓▓▓
▓▓▓▓▓▓▓


You could see a merfolk, a friendly warg, a friendly iron imp and a friendly
crimson imp.

Vanquished Creatures (collateral kills)
  A merfolk (D)
  2 shadow imps (D)
3 creatures vanquished.

Vanquished Creatures (others)
  A spatial maelstrom (D)
1 creature vanquished.

Grand Total: 4 creatures vanquished

Notes
Turn   | Place    | Note
--------------------------------------------------------------
     0 | D        | kosy22 the Deep Elf Summoner began the quest for the Orb.
     0 | D        | Reached XP level 1. HP: 10/10 MP: 6/6
     0 | D        | Found a roughly hewn altar of Beogh.
     0 | D        | Found a viscous altar of Jiyva.
     0 | D        | Found a corrupted altar of Lugonu.
     0 | D        | Found a white marble altar of Elyvilon.
     0 | D        | Found a sparkling altar of Nemelex Xobeh.
     1 | D        | Found a burning altar of Makhleb.
     1 | D        | Found an iron altar of Okawaru.
     1 | D        | Found a deep blue altar of Sif Muna.
     1 | D        | Found a radiant altar of Vehumet.
     1 | D        | Found a bloodstained altar of Trog.
     1 | D        | Found a shimmering altar of Xom.
    21 | D        | Banished a spatial maelstrom
   112 | D        | Became a worshipper of Sif Muna the Loreminder
   119 | D        | Entered arena 1.
   134 | D        | Reached skill level 5 in Summonings
   138 | D        | Reached XP level 2. HP: 9/15 MP: 0/8
   261 | D        | Reached * piety under Sif Muna
   261 | D        | Reached skill level 1 in Fighting
   261 | D        | Reached skill level 1 in Armour
   261 | D        | Reached skill level 1 in Shields
   261 | D        | Reached skill level 1 in Unarmed Combat
   261 | D        | Reached skill level 6 in Summonings
   261 | D        | Reached XP level 3. HP: 18/20 MP: 9/11
   265 | D        | Learned a level 2 spell: Call Imp
   269 | D        | Learned a level 3 spell: Call Canine Familiar
   270 | D        | Entered arena 2.
   270 | D        | Noticed a merfolk
   270 | D        | Noticed a merfolk
   270 | D        | Noticed a merfolk
   284 | D        | Killed a merfolk
   284 | D        | Reached ** piety under Sif Muna
   284 | D        | Reached skill level 5 in Dodging
   284 | D        | Reached skill level 8 in Summonings
   284 | D        | Reached XP level 4. HP: 25/25 MP: 9/14
   293 | D        | Slain by a merfolk

Action                   |  1- 3 |  4- 6 || total
-------------------------+-------+-------++-------
 Cast: Summon Small Mamm |     7 |       ||     7
       Call Imp          |     3 |     1 ||     4
       Call Canine Famil |     1 |       ||     1
Evoke: Staff of energy   |     3 |       ||     3
  Use: Potion            |     2 |       ||     2
  Eat: Fruit             |     2 |       ||     2
       Bread ration      |     1 |       ||     1
